 Dungeon Crawl Stone Soup version 0.28.0 (webtiles) character file.

Game seed: 13388015269517792897

17 Jason the Shooter (level 2, 0/22 HPs)
             Began as a Human Hunter on Feb 17, 2022.
             Succumbed to an adder's poison
             ... on level 2 of the Dungeon.
             The game lasted 00:05:13 (682 turns).

Jason the Shooter (Human Hunter)                     Turns: 682, Time: 00:05:14

Health: 0/22       AC:  3    Str: 12    XL:     2   Next: 80%
Magic:  2/2        EV: 12    Int: 11    God:
Gold:   33         SH:  0    Dex: 13    Spells: 1/1 levels left

rFire   . . .      SeeInvis .   a - +1 shortbow
rCold   . . .      Faith    .   (shield currently unavailable)
rNeg    . . .      Spirit   .   c - +0 leather armour
rPois   .          Reflect  .   (no helmet)
rElec   .          Harm     .   (no cloak)
rCorr   .          Rampage  .   (no gloves)
Will    .....                   (no boots)
Stlth   +.........              (no amulet)
HPRegen 0.07/turn               (no ring)
MPRegen 0.08/turn               (no ring)

@: lethally poisoned (0 -> -16)
A: no striking features
a: no special abilities


You were on level 2 of the Dungeon.
You visited 1 branch of the dungeon, and saw 2 of its levels.

You collected 33 gold pieces.

Inventory:

Hand Weapons
 a - a +1 shortbow (weapon)
 b - a +0 short sword
Missiles
 d - 4 arrows (quivered ammo)
 g - 21 sling bullets
Armour
 c - a +0 leather armour (worn)
 f - an orb of light


   Skills:
 + Level 2.0 Fighting
 * Level 0.6 Short Blades
 + Level 4.4 Bows
 + Level 2.2 Dodging
 + Level 1.0 Stealth


You had one spell level left.
You didn't know any spells.
Your spell library was empty.

Dungeon Overview and Level Annotations

Branches:
Dungeon (2/15)

Altars:


Message History

The adder bites you. The adder closely misses you.
Unknown command.
Fire: 9 arrows
Press: ? - help, Q - select action Shift-Dir - straight line, f/p - adder
Aim: an adder (moderately wounded, 44% to hit)
You shoot an arrow. The arrow hits the adder.
The adder is severely wounded.
The adder bites you.
You are poisoned.
The adder poisons you!
Fire: 8 arrows
Press: ? - help, Q - select action Shift-Dir - straight line, f/p - adder
Aim: an adder (severely wounded, 44% to hit)
You shoot an arrow. The arrow misses the adder.
You feel sick. The adder bites you but does no damage. The adder bites you.
Unknown command.
It was a potion of curing.
You feel better. The adder barely misses you.
Fire: 7 arrows
Press: ? - help, Q - select action Shift-Dir - straight line, f/p - adder
Aim: an adder (severely wounded, 44% to hit)
You shoot an arrow. The arrow misses the adder.
The adder bites you.
You are poisoned.
The adder poisons you!
Fire: 6 arrows
Press: ? - help, Q - select action Shift-Dir - straight line, f/p - adder
Aim: an adder (severely wounded, 44% to hit)
You shoot an arrow. The arrow closely misses the adder.
You feel sick. The adder bites you.
* * * LOW HITPOINT WARNING * * *
You are lethally poisoned!
The adder poisons you! The adder bites you.
* * * LOW HITPOINT WARNING * * *
You are more poisoned.
The adder poisons you!
Fire: 5 arrows
Press: ? - help, Q - select action Shift-Dir - straight line, f/p - adder
Aim: an adder (severely wounded, 44% to hit)
You shoot an arrow. The arrow closely misses the adder.
You die...

#......# ####...# .#
#...# .# #...# #.##
#†..# ...
######...####.## .#.
#...............#.(..
...................#
#............@S(##.#
#######...####.......
#...# ####.## #...# #
#<..# #...#


You could see an adder.

Vanquished Creatures
  3 endoplasms (D:1)
  A hobgoblin (D:1)
  6 jackals (D:1)
  A kobold (D:1)
  A frilled lizard (D:1)
  2 rats
14 creatures vanquished.

Notes
Turn   | Place    | Note
-------+----------+-------------------------------------------
     0 | D:1      | Jason the Human Hunter began the quest for the Orb.
     0 | D:1      | Reached XP level 1. HP: 16/16 MP: 1/1
   299 | D:1      | Reached XP level 2. HP: 18/22 MP: 2/2
   682 | D:2      | Succumbed to an adder's poison

Illustrated notes

Levels and vault maps discovered:
D:1:      sevenhm_arrival_forest_fort_small_4, layout_rooms, minivault_26,
          minmay_tetromino_o2
D:2:      layout_loops_cross, minmay_statues_item, st_stairs_5,
          dk_noncrumbling_2, uniq_natasha

Action                   || total
-------------------------++-------
Melee: Short sword       ||    34
 Fire: Shortbow          ||    33
  Use: Potion            ||     2
       Scroll            ||     1
Armor: Leather armour    ||    16
Dodge: Dodged            ||    29
